Description

objectives and benchmarks - 4 base (or 4+ Macro if injects go poorly) - Roach/Hydra evenly maxed out +2/+1 - 62 Drones - Benchmarks - Diamond 9m to 9m30s - Plantinum 10m to 10m30s

VOD

https://www.youtube.com/watch?v=bp_ulpL5Bcs&t=734s&ab_channel=WinterStarcraft

Build Order

Get SALT Encoding   

  12  0:00  Drone  
  13  0:16  Overlord  
  17  0:57  Hatchery  
  17  1:02  Drone  
  17  1:07  Extractor  
  17  1:08  Drone  
  17  1:17  Spawning Pool  
  17  1:21  Drone  
  17  1:24  Drone  
  17  1:38  Drone  
  19  1:48  Overlord  
  20  2:00  Queen  
  25  2:10  Queen  
  25  2:14  Action  Pull 2 drones out of gas.
  27  2:20  Action  zergling speed
  28  2:26  Zergling x2  
  28  3:00  Hatchery  
  37  3:04  Queen x2  
  44  3:37  Action  2 drones to 1st gas
  52  4:00  Spore Crawler x2, Evolution Chamber, Roach Warren  37 drones
  52  4:15  Lair  
  53  4:41  Action  +1 distance attack
  64  5:03  Evolution Chamber  
  67  5:05  Extractor x2  30 drones= 1st extractor, 35 drones=2nd extractor
  69  5:25  Action  roach speed
  80  5:55  Hydralisk Den  
  80  5:58  Extractor x2  56 drones
  78  6:10  Action  +1 armor
  84  6:13  Action  62 drones benchmark
  86  6:14  Action  produce army till maxed out
  86  6:28  Hatchery  4th base for more larva
  86  6:32  Action  hydra ataque de lejos
  97  6:58  Action  mejora de distancia hydras
  127  7:41  Hatchery  macro hatchery
  200  9:07  Action  200 suply benchmark
Spawning Tool Build Advisor. Get it on Overwolf

Analysis

Additional notes - ZvZ is more of an aggressive match-up and will change from this - Rally army production to defend natural - Dedicate one queen to creep - Overlord positioning - 1st Overlord to opposing natural (further in vs zerg) - 2nd Overlord goes to their 3rd base - 3rd Overlord goes to front of defensive natural - If no enemy exp, build +4 lings/spine/queens

Late game - If they dont have a 3rd or 4th, deny bases - Build spire and hive simultaneously - Greater Spire → broodlords

Go to:

Details

  • Created by: kremattorus16
  • Published on: Dec 02, 2020
  • Modified on: Oct 27, 2021
  • Patch: 4.11.0
  • Difficulty: Easy
Show
View Real Time Build Order
Export as new Build Order

Comments (0)

There are no comments. Be the first!

Create an account to comment!